 Dungeon Crawl Stone Soup version 0.23-a0-494-g91793a9 (webtiles) character file.

75 Leeroy the Charmwright (level 4, -4/38 HPs)
             Began as a Gnoll Skald on Dec 3, 2018.
             Slain by a gnoll
             ... wielding a +0 flail of holy wrath
              (11 damage)
             ... on level 2 of the Dungeon.
             The game lasted 00:04:16 (817 turns).

Leeroy the Charmwright (Gnoll Skald)                 Turns: 817, Time: 00:04:16

Health: -4/38      AC:  5    Str: 12 (14) XL:     4   Next: 31%
Magic:  3/11       EV: 18    Int: 13 (16) God:
Gold:   106        SH:  0    Dex: 18 (19) Spells: 2/13 levels left

rFire    . . .     SeeInvis .   a - +0 falchion
rCold    . . .     Gourm    .   (no shield)
rNeg     . . .     Faith    .   r - +0 ring mail
rPois    .         Spirit   .   (no helmet)
rElec    .         Reflect  .   (no cloak)
rCorr    .         Harm     .   (no gloves)
MR       .....                  (no boots)
Stlth    ++........             (no amulet)
HPRegen  0.12/turn              (no ring)
MPRegen  0.12/turn              (no ring)

@: agile
A: distributed training, fangs 1, strong nose
a: no special abilities


You were on level 2 of the Dungeon.
You were not hungry.

You visited 1 branch of the dungeon, and saw 2 of its levels.

You collected 106 gold pieces.

Inventory:

Hand Weapons
 a - a +0 falchion (weapon)
 c - a +0 short sword
 f - a +0 dagger
 i - a +0 dagger
 n - a +0 whip
 u - a +0 short sword
Missiles
 e - 92 stones (quivered)
 j - 84 arrows
Armour
 b - a +0 leather armour
 r - a +0 ring mail (worn)
 t - a +0 scale mail
Jewellery
 l - a +2 amulet of reflection
 m - an uncursed amulet of the gourmand {unknown}
Scrolls
 h - 3 scrolls of identify {unknown}
 k - 2 scrolls of remove curse {unknown}
Potions
 q - a potion of lignification {unknown}
 s - a potion of curing {unknown}
Comestibles
 d - 2 rations


   Skills:
 + Level 4.6 Fighting
 + Level 1.1 Short Blades
 + Level 4.6 Long Blades
 + Level 1.1 Axes
 + Level 1.1 Maces & Flails
 + Level 1.1 Polearms
 + Level 1.1 Staves
 + Level 1.1 Slings
 + Level 1.1 Bows
 + Level 1.1 Crossbows
 + Level 1.1 Throwing
 + Level 2.7 Armour
 + Level 4.6 Dodging
 + Level 1.1 Stealth
 + Level 1.1 Shields
 + Level 1.1 Unarmed Combat
 + Level 5.0 Spellcasting
 + Level 0.8 Conjurations
 + Level 0.8 Hexes
 + Level 5.4 Charms
 + Level 0.8 Summonings
 + Level 0.8 Necromancy
 + Level 0.8 Translocations
 + Level 0.8 Transmutations
 + Level 0.8 Fire Magic
 + Level 0.8 Ice Magic
 + Level 0.8 Air Magic
 + Level 0.8 Earth Magic
 + Level 0.8 Poison Magic
 + Level 1.2 Invocations
 + Level 1.1 Evocations


You had 2 spell levels left.
You knew the following spells:

 Your Spells              Type           Power        Failure   Level  Hunger
a - Infusion              Chrm           ###.         4%          1    None
b - Song of Slaying       Chrm           ###.....     6%          2    ##.....
c - Shroud of Golubria    Chrm/Tloc      ##........   17%         2    ##.....
d - Regeneration          Chrm/Necr      ##........   32%         3    ###....
e - Spectral Weapon       Hex/Chrm       ##......     32%         3    ###....

Your spell library contained the following spells:

 Spells                   Type           Power        Failure   Level  Hunger


Dungeon Overview and Level Annotations

Branches:
Dungeon (2/15)

Altars:


Innate Abilities, Weirdness & Mutations

Your experience applies equally to all skills.
You have very sharp teeth.
Your uncanny sense of smell can sniff out nearby items.


Message History

* * * LOW HITPOINT WARNING * * *
Your song is almost over.
The gnoll closely misses you.
You see here a kobold corpse.
You hit the gnoll.
The gnoll is severely wounded.
The gnoll closely misses you. x2
Your ring mail prevents you from hitting the gnoll.
You bite the gnoll, but do no damage.
The gnoll is severely wounded.
Your song has ended.
The gnoll closely misses you.
You riposte.
You hit the gnoll.
The gnoll is almost dead.
The gnoll misses you.
The frilled lizard hisses angrily.
You hit the gnoll.
You kill the gnoll!
The gnoll misses you.
The gnoll hits you with a +0 flail of holy wrath!
You die...

..####.#### #.............
#.#.......# #.............
#.#.......######.............
#.............##...<.........
#........###................
#....[...# ####............#
######...l.gg## ##.##..#######
... #h)###.wh######.#..## . ..
#.###)# ##hgg@...#.#.###...
##.#l..lg## #.h####...........
.......hlh# ##.##.......###...
...l....h.####.......[........
..........# ............#..##.
.............#..........##.#
............##..........# ..#
......(.................###...
.........$....................


You could see a worm, 3 gnolls, 3 jackals, a goblin and a frilled lizard.

Vanquished Creatures
  3 gnolls (D:2)
  A dart slug (D:1)
  3 leopard geckos
  4 bats
  3 giant cockroaches
  4 goblins
  2 hobgoblins (D:1)
  4 jackals (D:1)
  6 kobolds
  2 quokkas (D:2)
  A frilled lizard (D:1)
  4 rats
37 creatures vanquished.

Notes
Turn   | Place    | Note
-------+----------+-------------------------------------------
     0 | D:1      | Leeroy the Gnoll Skald began the quest for the Orb.
     0 | D:1      | Reached XP level 1. HP: 20/20 MP: 6/6
   110 | D:1      | Reached XP level 2. HP: 20/26 MP: 7/7
   116 | D:1      | Learned a level 2 spell: Song of Slaying
   119 | D:1      | Learned a level 2 spell: Shroud of Golubria
   283 | D:1      | Reached XP level 3. HP: 19/31 MP: 7/9
   293 | D:1      | Reached skill level 5 in Spellcasting
   569 | D:2      | Reached skill level 1 in Invocations
   576 | D:2      | Learned a level 3 spell: Regeneration
   580 | D:2      | Learned a level 3 spell: Spectral Weapon
   788 | D:2      | Reached skill level 1 in Short Blades
   788 | D:2      | Reached skill level 1 in Axes
   788 | D:2      | Reached skill level 1 in Maces & Flails
   788 | D:2      | Reached skill level 1 in Polearms
   788 | D:2      | Reached skill level 1 in Staves
   788 | D:2      | Reached skill level 1 in Slings
   788 | D:2      | Reached skill level 1 in Bows
   788 | D:2      | Reached skill level 1 in Crossbows
   788 | D:2      | Reached skill level 1 in Throwing
   788 | D:2      | Reached skill level 1 in Stealth
   788 | D:2      | Reached skill level 1 in Shields
   788 | D:2      | Reached skill level 1 in Unarmed Combat
   788 | D:2      | Reached skill level 1 in Evocations
   797 | D:2      | Reached XP level 4. HP: 21/38 MP: 0/11
   817 | D:2      | Slain by a gnoll

Vault maps used:
D:1:      dpeg_arrival_orchard
D:2:      lemuel_crystal_altar

Skill      XL: |  1  2  3 |
---------------+----------+-----
Spellcasting   | 5 |  5.0
Invocations    | 1 |  1.2
Short Blades   | 1 |  1.1
Axes           | 1 |  1.1
Maces & Flails | 1 |  1.1
Polearms       | 1 |  1.1
Staves         | 1 |  1.1
Slings         | 1 |  1.1
Bows           | 1 |  1.1
Crossbows      | 1 |  1.1
Throwing       | 1 |  1.1
Stealth        | 1 |  1.1
Shields        | 1 |  1.1
Unarmed Combat | 1 |  1.1
Evocations     | 1 |  1.1
Fighting       | |  4.6
Long Blades    | |  4.6
Armour         | |  2.7
Dodging        | |  4.6
Conjurations   | |  0.8
Hexes          | |  0.8
Charms         | |  5.4
Summonings     | |  0.8
Necromancy     | |  0.8
Translocations | |  0.8
Transmutations | |  0.8
Fire Magic     | |  0.8
Ice Magic      | |  0.8
Air Magic      | |  0.8
Earth Magic    | |  0.8
Poison Magic   | |  0.8

Action                   |  1- 3 |  4- 6 || total
-------------------------+-------+-------++-------
Melee: Falchion          |   108 |    11 ||   119
       Bite              |     7 |     1 ||     8
 Cast: Shroud of Golubri |     2 |       ||     2
       Song of Slaying   |     2 |       ||     2
       Regeneration      |     1 |       ||     1
       Spectral Weapon   |     1 |       ||     1
  Use: Potion            |     2 |       ||     2
Armor: Leather armour    |    32 |       ||    32
       Ring mail         |     1 |     1 ||     2
Dodge: Dodged            |   122 |    24 ||   146
       Rpst.: Falchion   |    38 |     5 ||    43

Table legend:
 A = Non-vault XP
 B = Vault XP
 C = Vault XP percentage of total XP
 D = Non-vault monster count
 E = Vault monster count
 F = Vault count percentage of total count
                 A         B        C        D         E       F
            +---------+---------+-------+---------+---------+-------
      Total |     108 |       0 |   0.0 |      37 |       0 |   0.0
            +---------+---------+-------+---------+---------+-------
        D:1 |      44 |       0 |   0.0 |      24 |       0 |   0.0
        D:2 |      64 |       0 |   0.0 |      13 |       0 |   0.0
            +---------+---------+-------+---------+---------+-------
